 Dungeon Crawl Stone Soup version 0.26-a0-259-g1effd001a9 (webtiles) character file.

Game seed: 15591613650609148203

864 sanka the Thrower (level 8, -1/63 HPs)
             Began as a Gnoll Hunter on July 18, 2020.
             Was an Initiate of Okawaru.
             Slain by a bullfrog (4 damage)
             ... on level 6 of the Dungeon.
             The game lasted 00:08:11 (6316 turns).

sanka the Thrower (Gnoll Hunter)                    Turns: 6316, Time: 00:08:12

Health: -1/63      AC:  3    Str: 17      XL:     8   Next: 3%
Magic:  12/12      EV: 14    Int: 14      God:    Okawaru [......]
Gold:   13         SH:  0    Dex: 12 (15) Spells: 12/12 levels left

rFire    + . .     SeeInvis .   a - +0 lajatang
rCold    + . .     Faith    .   (shield currently unavailable)
rNeg     . . .     Spirit   .   b - +0 leather armour
rPois    .         Reflect  .   (no helmet)
rElec    .         Harm     .   y - scarf {rC+ rF+}
rCorr    .                      (no gloves)
MR       .....                  (no boots)
Stlth    ++........             (no amulet)
HPRegen  0.20/turn              (no ring)
MPRegen  0.13/turn              (no ring)

@: no status effects
A: distributed training, fangs 1, strong nose
a: Renounce Religion


You were on level 6 of the Dungeon.
You worshipped Okawaru.
Okawaru was noncommittal.
You were not hungry.

You visited 2 branches of the dungeon, and saw 7 of its levels.

You collected 283 gold pieces.
You spent 270 gold pieces at shops.


Innate Abilities, Weirdness & Mutations

Your experience applies equally to all skills.
You have very sharp teeth.
Your uncanny sense of smell can sniff out nearby items.


   Skills:
 + Level 5.4 Fighting
 + Level 2.8 Short Blades
 + Level 2.8 Long Blades
 + Level 2.8 Axes
 + Level 2.8 Maces & Flails
 + Level 2.8 Polearms
 + Level 2.8 Staves
 + Level 2.8 Slings
 + Level 2.8 Bows
 + Level 2.8 Crossbows
 + Level 9.0 Throwing
 + Level 2.8 Armour
 + Level 5.4 Dodging
 + Level 3.7 Stealth
 + Level 2.8 Shields
 + Level 2.8 Unarmed Combat
 + Level 2.8 Spellcasting
 + Level 2.3 Conjurations
 + Level 2.3 Hexes
 + Level 2.3 Charms
 + Level 2.3 Summonings
 + Level 2.3 Necromancy
 + Level 2.3 Translocations
 + Level 2.3 Transmutations
 + Level 2.3 Fire Magic
 + Level 2.3 Ice Magic
 + Level 2.3 Air Magic
 + Level 2.3 Earth Magic
 + Level 2.3 Poison Magic
 + Level 3.1 Invocations
 + Level 2.8 Evocations


You had 12 spell levels left.
You didn't know any spells.
Your spell library was empty.

Inventory:

Hand Weapons
 a - a +0 lajatang (weapon)
Missiles
 c - 8 javelins
 d - 2 throwing nets {=f}
 n - 34 poisoned darts (quivered)
 o - 109 stones
 p - 14 boomerangs
 C - 3 silver boomerangs
Armour
 b - a +0 leather armour (worn)
 l - a +0 chain mail
 y - a scarf of resistance (worn)
Jewellery
 m - an uncursed amulet of magic regeneration {unknown}
 t - an uncursed amulet of reflection
Scrolls
 e - 5 scrolls of teleportation {unknown}
 g - a scroll of remove curse {unknown}
 h - a scroll of magic mapping {unknown}
 i - a scroll of identify {unknown}
 j - a scroll of enchant armour {unknown}
 q - a scroll of immolation {unknown}
 r - 4 scrolls of fog {unknown}
 s - 2 scrolls of enchant weapon {unknown}
 z - a scroll of amnesia {unknown}
Potions
 k - 3 potions of curing {@q1}
 u - 4 potions of heal wounds {@q2}
 v - 2 potions of berserk rage {unknown}
 w - 2 potions of might {unknown}
 x - a potion of lignification {unknown}
 A - a potion of haste {unknown}
 B - 3 potions of resistance
Comestibles
 f - 15 rations

Dungeon Overview and Level Annotations

Branches:
Dungeon (6/15)             Temple (1/1) D:4

Altars:
Ashenzari
Cheibriados
Dithmenos
Elyvilon
Fedhas
Gozag
Hepliaklqana
Kikubaaqudgha
Makhleb
Nemelex Xobeh
Okawaru
Qazlal
Ru
Sif Muna
Trog
Vehumet
Xom
Yredelemnul
The Shining One

Shops:
D:6

* .▒.▒▒▒▒.▒▒▒ ▒..) ........▒
▒ ▒.## ▒▒ ▒.▒▒▒▒▒▒▒ ▒.
▒####.▒ ▒.▒▒ ▒.▒▒..##.▒▒▒..
...▒▒▒▒▒▒▒▒▒▒..Z######.. ▒
.▒..............#####▒▒▒▒.▒▒
...▒▒▒▒▒▒▒▒ ▒c(#........▒▒
▒▒▒▒ ▒F▒▒..%.......
▒g▒▒.......▒▒ ▒.▒▒......▒▒
▒.▒▒.▒...▒▒ ▒....▒▒.▒▒
▒.▒▒▒▒ .▒ ▒.▒ .. ▒▒▒.▒ .!.
▒...▒ .... ▒.▒.▒ .▒▒


You could see a bullfrog, a centaur and a bullfrog skeleton.


Message History

The bullfrog hits you.
* * * LOW HITPOINT WARNING * * *
You slash the bullfrog!
The bullfrog is severely wounded.
The bullfrog hits you.
* * * LOW HITPOINT WARNING * * *
The bullfrog completely misses you.
You hit the bullfrog. You bite the bullfrog.
The bullfrog is almost dead.
The bullfrog hits you.
* * * LOW HITPOINT WARNING * * *
The bullfrog hits you but does no damage.
You closely miss the bullfrog.
The bullfrog is almost dead.
The bullfrog hits you.
* * * LOW HITPOINT WARNING * * *
The bullfrog closely misses you.
You hit the bullfrog.
You kill the bullfrog!
Okawaru accepts your kill.
You have reached level 8!
You feel clever. The bullfrog closely misses you.
A bullfrog skeleton comes into view.
You completely miss the bullfrog. You bite the bullfrog.
The bullfrog is lightly wounded.
The bullfrog hits you.
You die...

Action                   |  1- 3 |  4- 6 |  7- 9 || total
-------------------------+-------+-------+-------++-------
Melee: Short sword       |   114 |    77 |       ||   191
       Bite              |    11 |    23 |    15 ||    49
       Trident           |       |    84 |       ||    84
       Lajatang          |       |    85 |    98 ||   183
       Punch             |       |     2 |       ||     2
Throw: Dart              |       |    13 |     1 ||    14
       Boomerang         |       |       |     1 ||     1
  Use: Potion            |       |     3 |     1 ||     4
 Stab: Sleeping          |     2 |     7 |     1 ||    10
  Eat: Ration            |     1 |     2 |     2 ||     5
Armor: Leather armour    |    37 |    45 |    29 ||   111
Dodge: Dodged            |   118 |   211 |   121 ||   450

Levels and vault maps discovered:
D:1:      wander_arrival_estate, layout_loops_ring
D:2:      layout_rooms
D:3:      layout_rooms, first_ration
D:4:      layout_rooms, minmay_temple_entry_hall, st_stairs_13
D:5:      layout_basic, vehumet_crystals
D:6:      layout_loops_ring, dancing_weapons_uskayaw, serial_undead,
          serial_undead_c, serial_undead_b, serial_undead_f, serial_undead_f,
          serial_undead_c, serial_undead_c, serial_shops, nicolae_shop_trees,
          nicolae_good_shop
Temple:   dpeg_five_rooms_temple

Notes
Turn   | Place    | Note
-------+----------+-------------------------------------------
     0 | D:1      | sanka the Gnoll Hunter began the quest for the Orb.
     0 | D:1      | Reached XP level 1. HP: 20/20 MP: 1/1
   258 | D:1      | Reached XP level 2. HP: 26/26 MP: 2/2
   580 | D:1      | Reached XP level 3. HP: 31/31 MP: 3/3
  1316 | D:2      | Reached skill level 1 in Invocations
  1617 | D:2      | Reached skill level 1 in Short Blades
  1617 | D:2      | Reached skill level 1 in Long Blades
  1617 | D:2      | Reached skill level 1 in Axes
  1617 | D:2      | Reached skill level 1 in Maces & Flails
  1617 | D:2      | Reached skill level 1 in Polearms
  1617 | D:2      | Reached skill level 1 in Staves
  1617 | D:2      | Reached skill level 1 in Slings
  1617 | D:2      | Reached skill level 1 in Bows
  1617 | D:2      | Reached skill level 1 in Crossbows
  1617 | D:2      | Reached skill level 1 in Armour
  1617 | D:2      | Reached skill level 1 in Shields
  1617 | D:2      | Reached skill level 1 in Unarmed Combat
  1617 | D:2      | Reached skill level 1 in Spellcasting
  1617 | D:2      | Reached skill level 1 in Evocations
  1626 | D:2      | Reached XP level 4. HP: 31/38 MP: 5/5
  1895 | D:2      | HP: 3/38 [worker ant (5)]
  1898 | D:2      | Identified a potion of resistance
  1898 | D:2      | HP: 1/38 [poisoned by a worker ant]
  2126 | D:2      | Reached skill level 1 in Conjurations
  2126 | D:2      | Reached skill level 1 in Hexes
  2126 | D:2      | Reached skill level 1 in Charms
  2126 | D:2      | Reached skill level 1 in Summonings
  2126 | D:2      | Reached skill level 1 in Necromancy
  2126 | D:2      | Reached skill level 1 in Translocations
  2126 | D:2      | Reached skill level 1 in Transmutations
  2126 | D:2      | Reached skill level 1 in Fire Magic
  2126 | D:2      | Reached skill level 1 in Ice Magic
  2126 | D:2      | Reached skill level 1 in Air Magic
  2126 | D:2      | Reached skill level 1 in Earth Magic
  2126 | D:2      | Reached skill level 1 in Poison Magic
  2287 | D:3      | Reached XP level 5. HP: 30/43 MP: 6/6
  3632 | D:4      | Noticed an ogre
  3639 | D:4      | Killed an ogre
  3639 | D:4      | Reached skill level 3 in Stealth
  3639 | D:4      | Reached skill level 2 in Invocations
  3639 | D:4      | Reached XP level 6. HP: 37/50 MP: 8/8
  3782 | D:4      | Reached skill level 5 in Fighting
  3782 | D:4      | Reached skill level 2 in Short Blades
  3782 | D:4      | Reached skill level 2 in Long Blades
  3782 | D:4      | Reached skill level 2 in Axes
  3782 | D:4      | Reached skill level 2 in Maces & Flails
  3782 | D:4      | Reached skill level 2 in Polearms
  3782 | D:4      | Reached skill level 2 in Staves
  3782 | D:4      | Reached skill level 2 in Slings
  3782 | D:4      | Reached skill level 2 in Bows
  3782 | D:4      | Reached skill level 2 in Crossbows
  3782 | D:4      | Reached skill level 2 in Armour
  3782 | D:4      | Reached skill level 5 in Dodging
  3782 | D:4      | Reached skill level 2 in Shields
  3782 | D:4      | Reached skill level 2 in Unarmed Combat
  3782 | D:4      | Reached skill level 2 in Spellcasting
  3782 | D:4      | Reached skill level 2 in Evocations
  4082 | D:4      | HP: 4/51 [worm (8)]
  4471 | D:4      | Found a staircase to the Ecumenical Temple.
  4479 | D:4      | HP: 3/51 [centaur (4)]
  4480 | D:4      | Reached XP level 7. HP: 3/56 MP: 10/10
  4777 | Temple   | Entered the Ecumenical Temple
  4999 | Temple   | Became a worshipper of Warmaster Okawaru
  5148 | D:4      | Identified a scarf of resistance (You found it on level 4
                  | of the Dungeon)
  5341 | D:5      | Entered Level 5 of the Dungeon
  5433 | D:5      | Reached skill level 2 in Conjurations
  5433 | D:5      | Reached skill level 2 in Hexes
  5433 | D:5      | Reached skill level 2 in Charms
  5433 | D:5      | Reached skill level 2 in Summonings
  5433 | D:5      | Reached skill level 2 in Necromancy
  5433 | D:5      | Reached skill level 2 in Translocations
  5433 | D:5      | Reached skill level 2 in Transmutations
  5433 | D:5      | Reached skill level 2 in Fire Magic
  5433 | D:5      | Reached skill level 2 in Ice Magic
  5433 | D:5      | Reached skill level 2 in Air Magic
  5433 | D:5      | Reached skill level 2 in Earth Magic
  5433 | D:5      | Reached skill level 2 in Poison Magic
  5664 | D:5      | Found a radiant altar of Vehumet.
  6014 | D:6      | Reached skill level 9 in Throwing
  6095 | D:6      | Reached skill level 3 in Invocations
  6199 | D:6      | Found Zoteipeh's Hallowed Reliquary.
  6201 | D:6      | Found a glowing golden altar of the Shining One.
  6203 | D:6      | Noticed an angel
  6207 | D:6      | Bought 2 potions of heal wounds for 120 gold pieces
  6207 | D:6      | Bought 3 silver boomerangs for 54 gold pieces
  6207 | D:6      | Bought a potion of curing for 36 gold pieces
  6207 | D:6      | Bought a potion of heal wounds for 60 gold pieces
  6306 | D:6      | HP: 5/56 [bullfrog (3)]
  6313 | D:6      | HP: 5/56 [bullfrog (6)]
  6314 | D:6      | HP: 2/56 [bullfrog (3)]
  6315 | D:6      | Reached XP level 8. HP: 2/63 MP: 12/12
  6316 | D:6      | Slain by a bullfrog

Vanquished Creatures
  2 ogres
  A centaur (D:4)
  A bullfrog (D:6)
  A scorpion (D:4)
  2 bullfrog zombies (D:6)
  A quasit (D:5)
  A jelly (D:5)
  An orc priest (D:4)
  A hound (D:4)
  An iguana (D:5)
  An orc wizard (D:4)
  2 worker ants
  A hound zombie (D:6)
  A howler monkey zombie (D:6)
  7 adders
  An ufetubus (D:6)
  2 oozes
  A worm (D:4)
  4 dart slugs
  2 leopard geckos
  12 orcs
  7 bats
  2 giant cockroaches (D:3)
  5 goblins
  7 hobgoblins
  20 jackals
  9 kobolds
  3 quokkas
  A ball python (D:2)
  7 frilled lizards
  A giant cockroach zombie (D:6)
  A rat (D:2)
109 creatures vanquished.
